 Dungeon Crawl Stone Soup version 0.30-a0-845-g7c6808c8ce (webtiles) character file.

Game seed: 12649099754803196214

681 demibob the Skirmisher (level 7, -4/56 HPs)
             Began as a Hill Orc Hunter on Mar 2, 2023.
             Slain by a kobold brigand
             ... wielding a +0 club
              (6 damage)
             ... in a sewer.
             The game lasted 00:05:44 (3755 turns).

demibob the Skirmisher (Hill Orc Hunter)            Turns: 3755, Time: 00:05:44

Health: -4/56      AC:  3    Str: 14    XL:     7   Next: 61%
Magic:  7/7        EV: 16    Int:  9    God:
Gold:   227        SH:  0    Dex: 16    Spells: 6/6 levels left

rFire   . . .      SeeInvis .    a - +1 shortbow (chaos)
rCold   . . .      Faith    .    (shield currently unavailable)
rNeg    . . .      Spirit   .    c - +0 leather armour
rPois   .          Reflect  .    (no helmet)
rElec   .          Rampage  .    (no cloak)
rCorr   .                        (no gloves)
Will    +....                    (no boots)
Stlth   +                        (no amulet)
HPRegen 0.29/turn                W - ring of willpower
MPRegen 0.10/turn                E - +5 ring of evasion

@: lethally poisoned (-4 -> -5)
A: no striking features
a: no special abilities


You were in a sewer.
You visited 1 branch of the dungeon, and saw 5 of its levels.
You also visited: Sewer.

You collected 227 gold pieces.


   Skills:
 - Level 2.4 Fighting
 + Level 8.3 Ranged Weapons
 - Level 1.5 Dodging
 - Level 0.7 Stealth


You had 6 spell levels left.
You didn't know any spells.
Your spell library contained the following spells:

 Spells                   Type           Power      Damage    Failure   Level
 Apportation              Tloc           0%         N/A       45%         1
 Magic Dart               Conj           0%         1d3       45%         1
 Necrotise                Necr           0%         1d4       45%         1
 Summon Small Mammal      Summ           0%         N/A       45%         1
 Call Imp                 Summ           0%         N/A       61%         2
 Searing Ray              Conj           0%         2d4       61%         2
 Mephitic Cloud           Conj/Pois/Air  0%         N/A       83%         3
 Fulminant Prism          Conj/Hex       0%         3d5       99%         4

Inventory:

Hand Weapons
 a - a +1 shortbow of chaos (weapon)
Armour
 c - a +0 leather armour (worn)
Jewellery
 d - an amulet of faith {!P}
 C - a ring of protection from cold
 E - a +5 ring of evasion (right hand)
 R - a ring of resist corrosion
 W - a ring of willpower (left hand)
Scrolls
 b - 2 scrolls of immolation
 g - a scroll of torment
 k - a scroll of magic mapping

Dungeon Overview and Level Annotations

Branches:
Dungeon (5/15)              Sewer (1/1)
 Temple: D:4-7

Altars:
Ashenzari
Makhleb
Nemelex Xobeh
Qazlal
Ru
Vehumet
Yredelemnul

Annotations:
D:4 Dowan, Duvessa

~~P
▒▒▒▒▒▒▒▒▒▒▒▒▒▒▒▒▒~~~
▒≈~~~~~~~~~~~~~~~~~~
▒≈≈~≈≈≈≈≈~≈≈≈≈≈~≈≈≈≈
▒≈~~~~~~~~~~~~~~~~~~
▒▒▒'▒▒▒▒▒▒▒▒~~▒▒▒▒▒▒
▒...▒....▒.~~~P~....
▒.∩.▒[∩!.KP.~~~~....
▒.∩.▒...KK@.........
▒▒▒▒▒!...▒K.........
▒▒▒▒ ▒##........
#.##..... ### #####


You could see 2 kobold brigands and 2 kobolds.


Message History

You feel sick. The kobold closely misses you. The kobold brigand misses you.
The kobold brigand hits you with a +0 short sword.
* * * LOW HITPOINT WARNING * * *
Okay, then.
You aren't carrying any potions.
Unknown command.
Okay, then.
Unknown command.
Fire: a) +1 shortbow (chaos)
Press: ? - help, Q - select action Shift-Dir - straight line, f/p - kobold brigand
Aim: a kobold brigand, wielding a +0 club and quivering curare-tipped darts (heavily wounded, 60% to hit)
You shoot an arrow. The arrow hits the kobold brigand!
The kobold brigand is severely wounded.
You feel sick.
The kobold brigand hits you with a +0 short sword.
* * * LOW HITPOINT WARNING * * *
The kobold misses you.
The kobold brigand completely misses you.
Fire: a) +1 shortbow (chaos)
Press: ? - help, Q - select action Shift-Dir - straight line, f - kobold brigand, p - kobold brigand
Aim: a kobold brigand, wielding a +0 short sword and quivering poisoned darts (60% to hit)
You shoot an arrow.
The arrow hits the kobold brigand but does no damage.
You drain the kobold brigand.
The kobold brigand is lightly wounded.
* * * LOW HITPOINT WARNING * * *
You feel sick. The kobold barely misses you.
The kobold brigand closely misses you.
The kobold brigand hits you with a +0 club.
You die...

Skill      XL: |  1  2  3  4  5  6  7 |
---------------+----------------------+-----
Ranged Weapons | 4 5 6 7 8 |  8.3
Fighting       | |  2.4
Dodging        | |  1.5
Stealth        | |  0.7

Action                     |  1- 3 |  4- 6 |  7- 9 || total
---------------------------+-------+-------+-------++-------
   Fire: Shortbow          |   118 |   122 |    45 ||   285
    Use: Scroll            |       |    10 |       ||    10
         Potion            |       |     4 |     1 ||     5
 Armour: Leather armour    |    10 |     4 |     5 ||    19
  Dodge: Dodged            |    32 |    52 |    36 ||   120

Levels and vault maps discovered:
D:1:      minmay_arrival_checkered_box, layout_basic
D:2:      layout_loops_corners, chequers_ecumenical_altar_simple, basic_altar
D:3:      layout_loops_corners, mainiacjoe_overflow_alcove_1,
          nicolae_ru_the_path_less_chosen, chequers_mini_garden
D:4:      layout_gridville, minitemple, dk_rats_in_the_wall, uniq_duvessa
D:5:      layout_gridville, worldfamousw_hep_ancestral_shrine, serial_shops,
          shop_statue, gup_sewer_entry_bubbles, serial_bayou_lake_a,
          uniq_sigmund
Sewer:    kennysheep_pipe_town

Notes
Turn   | Place    | Note
-------+----------+-------------------------------------------
     0 | D:1      | demibob the Hill Orc Hunter began the quest for the Orb.
     0 | D:1      | Reached XP level 1. HP: 18/18 MP: 1/1
   114 | D:1      | Reached skill level 4 in Ranged Weapons
   114 | D:1      | Reached XP level 2. HP: 25/25 MP: 2/2
   443 | D:1      | Reached XP level 3. HP: 30/30 MP: 3/3
   839 | D:2      | Found a faded altar of an unknown god.
  1273 | D:2      | Found a burning altar of Makhleb.
  1770 | D:3      | Reached skill level 5 in Ranged Weapons
  1803 | D:3      | Reached XP level 4. HP: 37/37 MP: 4/4
  1923 | D:3      | Found a sacrificial altar of Ru.
  2229 | D:3      | Found a stormy altar of Qazlal.
  2723 | D:4      | Noticed an ogre
  2783 | D:4      | Found a broken altar of Ashenzari.
  2789 | D:4      | Found a radiant altar of Vehumet.
  2789 | D:4      | Found a sparkling altar of Nemelex Xobeh.
  2795 | D:4      | Found a basalt altar of Yredelemnul.
  2841 | D:4      | Killed an ogre
  2842 | D:4      | Reached skill level 6 in Ranged Weapons
  2842 | D:4      | Reached XP level 5. HP: 42/42 MP: 5/5
  2972 | D:4      | Reached XP level 6. HP: 50/50 MP: 6/6
  3131 | D:4      | Noticed Dowan
  3134 | D:4      | Noticed Duvessa
  3227 | D:5      | Entered Level 5 of the Dungeon
  3314 | D:5      | Noticed Sigmund
  3583 | D:5      | Killed Sigmund
  3584 | D:5      | Reached skill level 7 in Ranged Weapons
  3584 | D:5      | Reached XP level 7. HP: 54/56 MP: 7/7
  3641 | D:5      | Reached skill level 8 in Ranged Weapons
  3694 | D:5      | Found a glowing drain.
  3708 | Sewer    | Entered a sewer
  3754 | Sewer    | HP: 4/56 [kobold brigand/+0 short sword (4)]
  3755 | Sewer    | Slain by a kobold brigand

Vanquished Creatures
  Sigmund (D:5)
  A black bear (D:5)
  An ice beast (D:5)
  An ogre (D:4)
  A gnoll bouda (D:4)
  A hound (D:4)
  A sleepcap (D:5)
  An iguana (D:4)
  A gnoll (D:5)
  3 adders
  A river rat (D:5)
  A worm (D:2)
  3 dart slugs
  9 orcs
  8 bats
  6 endoplasms
  9 giant cockroaches
  7 goblins
  4 hobgoblins
  6 quokkas
  8 ball pythons
  6 frilled lizards
  5 kobolds
  5 rats
90 creatures vanquished.

Vanquished Creatures (others)
  2 plants (D:5)
2 creatures vanquished.

Grand Total: 92 creatures vanquished

Table legend: (Time is in decaauts)
 A = Elapsed time spent in this place.
 B = Non-inter-level travel time spent in this place.
 C = Inter-level travel time spent in this place.
 D = Time resting spent in this place.
 E = Time spent auto-exploring this place.
 F = Levels seen in this place.
 G = Mean time per level.
                   A        B        C        D        E       F      G
               +--------+--------+--------+--------+--------+-----+--------+
         Total |   3848 |   3714 |    134 |    364 |   2641 |   6 |  641.3 |
       Dungeon |   3792 |   3658 |    134 |    364 |   2607 |   5 |  758.4 |
         Sewer |     55 |     55 |      0 |      0 |     34 |   1 |   55.0 |
               +--------+--------+--------+--------+--------+-----+--------+

Top non-repeatable levels by time:
     D:3: 1064 daAuts
     D:2: 890 daAuts
     D:1: 841 daAuts
     D:4: 784 daAuts
     D:5: 211 daAuts
   Sewer: 55 daAuts

Table legend:
 A = Non-vault XP
 B = Vault XP
 C = Vault XP percentage of total XP
 D = Non-vault monster count
 E = Vault monster count
 F = Vault count percentage of total count
                 A         B        C        D         E       F
            +---------+---------+-------+---------+---------+-------
      Total |     722 |     252 |  25.9 |      80 |      11 |  12.1
            +---------+---------+-------+---------+---------+-------
        D:1 |      38 |       0 |   0.0 |      24 |       0 |   0.0
        D:2 |      26 |       0 |   0.0 |      12 |       0 |   0.0
        D:3 |      64 |       0 |   0.0 |      25 |       0 |   0.0
        D:4 |     268 |       0 |   0.0 |      10 |       0 |   0.0
        D:5 |     326 |     246 |  43.0 |       9 |       7 |  43.8
      Sewer |       0 |       6 | 100.0 |       0 |       4 | 100.0
            +---------+---------+-------+---------+---------+-------
